 Dungeon Crawl Stone Soup version 0.18.1-48-g4cf74bf (webtiles) character file.

9063 Gargoyl the Protected (level 11, -7/84 HPs)
             Began as a Demonspawn Abyssal Knight on Sept 10, 2016.
             Was a High Priest of Lugonu.
             Mangled by a hell knight
             ... wielding a +5 great mace of draining
              (9 damage)
             ... on level 11 of the Dungeon.
             The game lasted 00:19:08 (9564 turns).

Gargoyl the Protected (Demonspawn Abyssal Knight)   Turns: 9564, Time: 00:19:10

Health: -7/84      AC: 28    Str: 16    XL:     11   Next: 18%
Magic:  13/13      EV:  2    Int: 14    God:    Lugonu [*****.]
Gold:   580        SH:  3    Dex: 10    Spells: 0 memorised, 10 levels left

rFire  + . .     SeeInvis .     v - +2 war axe
rCold  + + .     Gourm    .     N - +1 gold dragon armour
rNeg   . . .     Faith    .     (no shield)
rPois  +         Spirit   .     (helmet restricted)
rElec  .         Dismiss  .     (no cloak)
rCorr  .         Reflect  +     D - +0 pair of gloves
SustAt .         Harm     .     (no boots)
MR     +....                    j - +3 amulet of reflection
Stlth  ..........               u - +3 ring of protection
                                d - ring of protection from magic

@: flying, very heavily drained, somewhat resistant to hostile enchantments,
extremely unstealthy
A: horns 1, rough black scales 2, cold resistance 1, spiny 3
a: Depart the Abyss, Bend Space, Banish, Corrupt, Enter the Abyss, Renounce
Religion


You were on level 11 of the Dungeon.
You worshipped Lugonu.
Lugonu was extremely pleased with you.
You were not hungry.

You visited 1 branch of the dungeon, and saw 11 of its levels.
You visited the Abyss 1 time.

You collected 580 gold pieces.

Inventory:

Hand Weapons
 f - a +1 hand axe of flaming
 l - a +0 blowgun
 v - a +2 war axe (weapon)
Missiles
 p - 32 poisoned needles
 y - 7 tomahawks
 F - 3 javelins (quivered)
Armour
 D - a +0 pair of gloves (worn)
 N - a +1 gold dragon armour (worn)
Jewellery
 a - an uncursed amulet of magic regeneration
 d - a ring of protection from magic (left hand)
 j - a +3 amulet of reflection (around neck)
 u - a +3 ring of protection (right hand)
 O - a cursed ring of teleportation {unknown}
Wands
 i - a wand of flame (29/48)
 z - a wand of lightning (12/15)
 G - a wand of acid (5/15)
 I - a wand of acid (6/15)
 R - a wand of iceblast (6/15)
 T - a wand of polymorph (8/24)
Scrolls
 o - 8 scrolls of identify
 A - 2 scrolls of remove curse
 J - 3 scrolls of amnesia
 K - 3 scrolls of blinking
 Q - a scroll of fog
 S - a scroll of magic mapping
Potions
 b - 3 potions of curing
 g - a potion of brilliance
 k - a potion of ambrosia {unknown}
 n - a potion of agility {unknown}
 q - 2 potions of lignification {unknown}
 t - a potion of resistance {unknown}
 w - a potion of haste {unknown}
 x - a potion of cancellation {unknown}
 B - a potion of invisibility {unknown}
 C - a potion of berserk rage {unknown}
 L - 3 potions of flight
Books
 e - a book of Burglary

   Spells                             Type                      Level
   a - Swiftness                      Charms/Air                   2
   b - Passwall                       Transmutation/Earth          2
   c - Passage of Golubria            Translocation                4
   d - Lee's Rapid Deconstruction     Earth                        5
   e - Darkness                       Hexes                        6
   f - Invisibility                   Hexes                        6
 H - a book of Dreams

   Spells                             Type                      Level
   a - Ensorcelled Hibernation        Hexes/Ice                    2
   b - Silence                        Hexes/Air                    5
   c - Darkness                       Hexes                        6
   d - Shadow Creatures               Summoning                    6
 M - a book of Power

   Spells                             Type                      Level
   a - Fulminant Prism                Conjuration/Hexes            4
   b - Iskenderun's Mystic Blast      Conjuration                  4
   c - Venom Bolt                     Conjuration/Poison           5
   d - Bolt of Magma                  Conjuration/Fire/Earth       5
   e - Iron Shot                      Conjuration/Earth            6
   f - Orb of Destruction             Conjuration                  7
   g - Spellforged Servitor           Conjuration/Summoning        7
Comestibles
 c - 5 bread rations
 h - 6 slices of pizza
 m - 18 fruits
 r - a beef jerky
 s - 2 royal jellies
 P - 2 meat rations


   Skills:
 + Level 7.1(4.0) Fighting
 + Level 7.9(4.7) Axes
 + Level 1.0(0.0) Throwing
 * Level 11.4(7.9) Armour
 + Level 5.1(2.1) Dodging
 + Level 1.4(0.0) Stealth
 + Level 3.3(0.5) Invocations


You had 10 spell levels left.
You didn't know any spells.

Dungeon Overview and Level Annotations

Branches:
Dungeon (11/15)            Temple (0/1) D:5            Lair (0/8) D:8
    Orc: D:9-12

Altars:
Dithmenos
Fedhas
Okawaru
Pakellas
Qazlal
Ru
Sif Muna
Trog
Vehumet
Xom
Yredelemnul
The Shining One


Innate Abilities, Weirdness & Mutations

You have a pair of small horns on your head.
You are mostly covered in rough black scales (AC +7, Dex -2).
Your flesh is cold resistant.
You are completely covered in sharp spines.


Message History

The hell knight is struck by your spines.
The hell knight hits you with a great mace of draining!
* * * LOW HITPOINT WARNING * * *
You feel drained.
* * * LOW HITPOINT WARNING * * *
Drink which item? (? for menu, Esc to quit)
You feel much better.
The hell knight hits you with a great mace of draining!
* * * LOW HITPOINT WARNING * * *
You feel drained.
* * * LOW HITPOINT WARNING * * *
Drink which item? (? for menu, Esc to quit)
You feel much better.
The hell knight hits you with a great mace of draining!
You feel drained.
The hell knight is struck by your spines.
The hell knight hits you with a great mace of draining!!
* * * LOW HITPOINT WARNING * * *
You feel drained.
You die...

.......#..##..?..#.#......#
.......'...#.....+.#......#
.......###.####..#........#
.......###.####..#'###....#
.###.................#....#
.....#############...#.##.#
##...#...........#...#.. .#
#...#.#########.#...#.. .#
#...#.# #@#...#... #...≈.#
#p#...# #...≈.# #.#...#
#...§.# #.#...# #...≈.#
#.#...# #...≈.# #.#...#
###.#.# #.#...# #...#.#
#.#...# #...#.. #...# .


You could see a hell knight.

Vanquished Creatures
  A hydra (D:10)
  3 skeletal warriors
  Grinder (D:5)
  8 yaks (D:10)
  2 hungry ghosts (D:8)
  Menkaure (D:5)
  3 hell hounds (D:11)
  3 orc warriors
  An ice beast (D:5)
  A wasp (D:9)
  A phantom (D:8)
  A black bear (D:8)
  3 sky beasts
  3 centaurs
  The ghost of Rexou the Shooter, an amateur HEAM (D:4)
  3 big kobolds (D:10)
  6 giant frogs
  A wyvern skeleton (D:10)
  3 scorpions
  10 killer bees
  4 howler monkeys
  4 wights (D:7)
  2 jellies
  5 crimson imps
  A centaur zombie (D:7)
  A quasit (D:10)
  A giant frog skeleton (D:6)
  11 hounds
  6 orc priests
  6 orc wizards
  A gnoll shaman (D:8)
  3 iguanas
  9 worker ants
  2 sheep (D:10)
  A hound skeleton (D:4)
  A howler monkey zombie (D:9)
  2 worker ant zombies
  6 gnolls
  A howler monkey skeleton (D:8)
  10 adders
  An adder skeleton (D:9)
  An adder zombie (D:7)
  3 worms
  4 dart slugs
  12 giant geckos
  35 orcs
  9 bats
  9 giant cockroaches
  12 goblins
  13 hobgoblins
  6 jackals
  2 quokkas
  3 ball pythons
  A giant gecko skeleton (D:9)
  8 giant newts
  A jackal skeleton (D:4)
  10 kobolds
  A quokka skeleton (D:4)
  A quokka zombie (D:6)
  7 rats
272 creatures vanquished.

Vanquished Creatures (others)
  The ghost of kissatonkivoja the Destroyer, a novice DECj (D:7)
  An orc (D:5)
  A fulminant prism (D:7)
3 creatures vanquished.

Grand Total: 275 creatures vanquished

Notes
Turn   | Place    | Note
--------------------------------------------------------------
     0 | Abyss:1  | Gargoyl the Demonspawn Abyssal Knight began the quest for the Orb.
     0 | Abyss:1  | Reached XP level 1. HP: 18/18 MP: 2/2
    44 | Abyss:1  | Noticed a small abomination
    96 | Abyss:2  | Noticed an ophan
    96 | D:1      | Escaped the Abyss
   117 | D:1      | Reached skill level 2 in Armour
   263 | D:1      | Gained mutation: You are partially covered in sharp spines. [demonic ancestry]
   263 | D:1      | Reached XP level 2. HP: 18/24 MP: 3/3
   373 | D:1      | Reached * piety under Lugonu
   610 | D:1      | Gained mutation: You are mostly covered in sharp spines. [demonic ancestry]
   610 | D:1      | Reached XP level 3. HP: 12/30 MP: 4/4
  1063 | D:2      | Reached skill level 1 in Dodging
  1070 | D:2      | Found a stormy altar of Qazlal.
  1192 | D:2      | Found a shimmering altar of Xom.
  1539 | D:2      | Found an oddly glowing altar of Pakellas.
  1539 | D:2      | Found an iron altar of Okawaru.
  1656 | D:2      | Reached ** piety under Lugonu
  1838 | D:2      | Gained mutation: You are completely covered in sharp spines. [demonic ancestry]
  1838 | D:2      | Reached XP level 4. HP: 37/37 MP: 5/5
  1876 | D:2      | Found a bloodstained altar of Trog.
  1975 | D:3      | Reached skill level 3 in Armour
  2271 | D:3      | Gained mutation: Your flesh is cold resistant. [demonic ancestry]
  2271 | D:3      | Reached XP level 5. HP: 41/42 MP: 6/6
  2377 | D:3      | Reached *** piety under Lugonu
  2494 | D:3      | Found a shadowy altar of Dithmenos.
  2589 | D:3      | Found a sacrificial altar of Ru.
  2976 | D:4      | Got a pitted spear
  2977 | D:4      | Identified the +8 spear "Wofiavow" {freeze, -Tele rC+ rN+ Int+8} (You found it on level 4 of the Dungeon)
  3030 | D:4      | Gained mutation: You are partially covered in rough black scales (AC +4, Dex -1). [demonic ancestry]
  3030 | D:4      | Reached XP level 6. HP: 48/48 MP: 7/7
  3058 | D:4      | Reached skill level 4 in Armour
  3066 | D:4      | Noticed Rexou's ghost (amateur HEAM)
  3071 | D:4      | Killed Rexou's ghost
  3204 | D:4      | Found a glowing golden altar of the Shining One.
  3213 | D:4      | Found a basalt altar of Yredelemnul.
  3215 | D:4      | Noticed a profane servitor
  3249 | D:4      | Reached **** piety under Lugonu
  3662 | D:4      | Noticed an angel
  3707 | D:5      | Entered Level 5 of the Dungeon
  3712 | D:5      | Gained mutation: You are mostly covered in rough black scales (AC +7, Dex -2). [demonic ancestry]
  3712 | D:5      | Reached XP level 7. HP: 54/54 MP: 8/8
  3719 | D:5      | Noticed Menkaure
  3793 | D:4      | Reached skill level 5 in Armour
  3813 | D:5      | Killed Menkaure
  4095 | D:5      | Found a staircase to the Ecumenical Temple.
  4276 | D:5      | Reached skill level 6 in Armour
  4288 | D:5      | Noticed Grinder
  4308 | D:5      | Killed Grinder
  4308 | D:5      | Reached XP level 8. HP: 53/61 MP: 9/9
  4842 | D:6      | Reached skill level 7 in Armour
  5080 | D:6      | Reached skill level 1 in Stealth
  5358 | D:7      | Reached skill level 5 in Fighting
  5536 | D:7      | Reached skill level 5 in Axes
  5552 | D:7      | Reached ***** piety under Lugonu
  5604 | D:7      | Gained mutation: You have a pair of small horns on your head. [demonic ancestry]
  5604 | D:7      | Reached XP level 9. HP: 68/68 MP: 10/10
  5933 | D:7      | Reached skill level 8 in Armour
  5981 | D:7      | Noticed kissatonkivoja's ghost (novice DECj)
  5989 | D:7      | Killed kissatonkivoja's ghost
  6319 | D:8      | Found a staircase to the Lair.
  6516 | D:8      | Reached skill level 9 in Armour
  6865 | D:8      | Noticed a skeletal warrior
  6866 | D:8      | Noticed a skeletal warrior
  6866 | D:8      | Noticed a skeletal warrior
  6883 | D:8      | Killed a skeletal warrior
  6883 | D:8      | Reached XP level 10. HP: 53/76 MP: 11/11
  7238 | D:9      | Killed a skeletal warrior
  7238 | D:9      | Reached skill level 10 in Armour
  7369 | D:8      | HP: 1/76 [skeletal warrior/dire flail[a skeletal warrior] (3)]
  7374 | D:8      | Killed a skeletal warrior
  7374 | D:8      | Reached skill level 1 in Throwing
  8037 | D:9      | Found a radiant altar of Vehumet.
  8069 | D:9      | Found a deep blue altar of Sif Muna.
  8408 | D:9      | Found a blossoming altar of Fedhas.
  8487 | D:10     | Entered Level 10 of the Dungeon
  8879 | D:10     | Reached skill level 5 in Dodging
  8879 | D:10     | Reached skill level 11 in Armour
  8906 | D:10     | Noticed a three-headed hydra
  8911 | D:10     | Killed a one-headed hydra
  8911 | D:10     | Reached XP level 11. HP: 55/83 MP: 13/13
  9555 | D:11     | Noticed a hell knight
  9564 | D:11     | HP: 2/84 [hell knight/great mace of draining (27)]
  9564 | D:11     | Mangled by a hell knight

Skill      XL: |  1  2  3  4  5  6  7  8  9 10 11 |
---------------+----------------------------------+-----
Armour         | 2 3 4 6 7 9 11 | 11.4
Axes           | 2 4 5 6 7 |  7.9
Dodging        | 1 2 3 4 5 |  5.1
Fighting       | 4 5 6 7 |  7.1
Stealth        | 1 |  1.4
Throwing       | 1 |  1.0
Invocations    | 3 |  3.3

Action                   |  1- 3 |  4- 6 |  7- 9 | 10-12 || total
-------------------------+-------+-------+-------+-------++-------
Melee: Hand axe          |    65 |    41 |       |     4 ||   110
       War axe           |       |    35 |   190 |   169 ||   394
       Headbutt          |       |       |    21 |    32 ||    53
Throw: Tomahawk          |       |       |     3 |       ||     3
Invok: Depart the Abyss  |     1 |       |       |       ||     1
       Bend Space        |       |       |       |     1 ||     1
       Banish            |       |       |       |     1 ||     1
  Use: Scroll            |     2 |    10 |     5 |     4 ||    21
       Potion            |       |       |       |     9 ||     9
  Eat: Chunk             |     3 |     5 |    13 |     8 ||    29
       Meat ration       |       |       |     1 |       ||     1
       Pizza             |       |       |       |     1 ||     1
       Beef jerky        |       |       |       |     1 ||     1
Armor: Leather armour    |    16 |       |       |       ||    16
       Scale mail        |     8 |    36 |       |       ||    44
       Plate armour      |       |     5 |   148 |    94 ||   247
       Gold dragon armou |       |       |       |    57 ||    57
Dodge: Dodged            |    44 |    28 |    56 |    54 ||   182
Block: Other             |     5 |    24 |    27 |    31 ||    87
       Reflection        |       |     3 |       |     1 ||     4
